 Dungeon Crawl Stone Soup version 0.29-a0-187-ga23d9638d5 (webtiles) character file.

Game seed: 5985427110378339439

107 chunkyMonkey the Skirmisher (level 4, -2/36 HPs)
             Began as a Mummy Fighter on Feb 21, 2022.
             Slain by an iguana (3 damage)
             ... on level 5 of the Dungeon.
             The game lasted 00:03:25 (3808 turns).

chunkyMonkey the Skirmisher (Mummy Fighter)         Turns: 3808, Time: 00:03:25

Health: -2/36      AC:  9    Str: 21    XL:     4   Next: 57%
Magic:  5/5        EV:  7    Int:  7    God:
Gold:   117        SH:  4    Dex: 11    Spells: 5/5 levels left

rFire   . . .      SeeInvis .   a - +0 war axe
rCold   + + .      Faith    .   c - +0 buckler
rNeg    + + +      Spirit   .   h - +0 chain mail
rPois   ∞          Reflect  .   (no helmet)
rElec   .          Harm     .   l - scarf {rC+ rF+}
rCorr   .          Rampage  .   (no gloves)
Will    .....                   (no boots)
Stlth   ..........              (no amulet)
HPRegen 0.12/turn               (no ring)
MPRegen 0.09/turn               (no ring)

@: no status effects
A: cold resistance 1, negative energy resistance 3, torment resistance 2, heat
vulnerability 1, no potions
a: no special abilities


You were on level 5 of the Dungeon.
You visited 1 branch of the dungeon, and saw 4 of its levels.

You collected 117 gold pieces.

Inventory:

Hand Weapons
 a - a +0 war axe (weapon)
Missiles
 g - 5 poisoned darts (quivered)
Armour
 c - a +0 buckler (worn)
 h - a +0 chain mail (worn)
 l - a scarf of resistance (worn)
Magical Staves
 b - a staff of poison
Scrolls
 d - 2 scrolls of fear {unknown}
 e - 4 scrolls of identify {unknown}
 f - a scroll of enchant weapon {unknown}
 i - a scroll of summoning {unknown}
 j - a scroll of acquirement {unknown}
 k - a scroll of magic mapping {unknown}


   Skills:
 * Level 3.6 Fighting
 * Level 2.2 Axes
 * Level 2.9 Armour
 + Level 0.7 Dodging
 * Level 2.9 Shields
 + Level 1.1 Spellcasting
 + Level 0.2 Poison Magic


You had 5 spell levels left.
You didn't know any spells.
Your spell library contained the following spells:

 Spells                   Type           Power      Damage    Failure   Level
 Stone Arrow              Conj/Erth      0%         3d7       100%        3
 Animate Armour           Summ/Erth      0%         N/A       100%        4
 Lehudib's Crystal Spear  Conj/Erth      0%         10d2      100%        8


Dungeon Overview and Level Annotations

Branches:
Dungeon (3/15)

Altars:
Cheibriados
Wu Jian


Innate Abilities, Weirdness & Mutations

You are immune to poison.
Your flesh is cold resistant. (rC+)
You are immune to negative energy. (rN+++)
You are immune to unholy pain and torment.
You are vulnerable to heat. (rF-)
You do not drink.


Message History

You barely miss the ufetubus.
The ufetubus is moderately wounded.
The ufetubus shouts!
The ufetubus closely misses you.
The ufetubus hits you but does no damage. x3
The orc priest miscasts a cantrip.
The ufetubus barely misses you.
The ufetubus hits you but does no damage.
You barely miss the ufetubus.
The ufetubus is moderately wounded.
The ufetubus hits you.
The ufetubus hits you but does no damage.
The ufetubus barely misses you.
The ufetubus hits you but does no damage.
You slash the ufetubus!
You kill the ufetubus!
The orc priest casts a cantrip, but nothing happens.
The orc hits you with a +0 short sword.
You barely miss the orc.
An iguana comes into view.
The orc hits you but does no damage.
The iguana hisses angrily.
You slash the orc!
You kill the orc!
The ufetubus hits you. The ufetubus barely misses you.
You slash the ufetubus!
You kill the ufetubus!
The orc priest hits you with a +0 dagger.
Things that are here:
a +0 short sword; a +0 leather armour You hit the orc priest but do no damage.
The orc priest calls down the wrath of Beogh upon you.
Beogh smites you!
Unknown command.
You barely miss the orc priest. You closely miss the iguana.
You block the orc priest's attack. The iguana bites you!
* * * LOW HITPOINT WARNING * * *
The orc priest hits you but does no damage.
The iguana bites you.
You die...

## ##### #.##
#....o
#.###.....#
##@#.......
#!#####ol........
#>.......#.###>≈
#.###....)# #
##....# ≈P...#..
P≈........♣
≈≈≈≈P...#...≈♣
≈≈≈≈..!.##.#♣P


You could see an iguana and an orc priest.

Vanquished Creatures
  3 adders
  3 ufetubi
  3 worms
  2 orcs
  3 endoplasms
  5 giant cockroaches
  2 goblins
  6 hobgoblins
  8 kobolds
  A quokka (D:1)
  5 ball pythons
  7 bats
  2 frilled lizards
  5 rats
55 creatures vanquished.

Notes
Turn   | Place    | Note
-------+----------+-------------------------------------------
     0 | D:1      | chunkyMonkey the Mummy Fighter began the quest for the Orb.
     0 | D:1      | Reached XP level 1. HP: 18/18 MP: 1/1
   608 | D:1      | Reached XP level 2. HP: 24/24 MP: 2/2
  1924 | D:2      | Reached XP level 3. HP: 21/29 MP: 2/4
  2870 | D:2      | Reached skill level 1 in Spellcasting
  2979 | D:3      | Reached XP level 4. HP: 35/35 MP: 5/5
  3532 | D:3      | Found an ornate altar of the Wu Jian Council.
  3706 | D:3      | Found a faded altar of an unknown god.
  3786 | D:3      | Found a snail-covered altar of Cheibriados.
  3788 | D:3      | You fall into a shaft and drop 2 floors!
  3788 | D:5      | Entered Level 5 of the Dungeon
  3808 | D:5      | HP: 1/36 [iguana (11)]
  3808 | D:5      | Slain by an iguana

Illustrated notes

Levels and vault maps discovered:
D:1:      lightli_arrival_flooded_house, layout_basic, kennysheep_pointless_box
D:2:      layout_rooms
D:3:      layout_basic, slow_altar_1, mainiacjoe_overflow_cross_hatched,
          chequers_ecumenical_altar_simple
D:5:      layout_loops_ring, minmay_temple_entry_nine_rooms, serial_bayou,
          serial_bayou_shore_a, serial_bayou_crossing, serial_bayou_ford_a,
          serial_bayou_lake_a, uniq_pikel, uniq_duvessa

Skill      XL: |  1  2  3 |
---------------+----------+-----
Axes           | 2 |  2.2
Spellcasting   | 1 |  1.1
Fighting       | |  3.6
Armour         | |  2.9
Dodging        | |  0.7
Shields        | |  2.9
Poison Magic   | |  0.2

Action                   |  1- 3 |  4- 6 || total
-------------------------+-------+-------++-------
Melee: War axe           |   122 |    43 ||   165
Armor: Scale mail        |    72 |       ||    72
       Chain mail        |     3 |    38 ||    41
Dodge: Dodged            |    76 |    28 ||   104
Block: Buckler           |    35 |    10 ||    45

Table legend: (Time is in decaauts)
 A = Elapsed time spent in this place.
 B = Non-inter-level travel time spent in this place.
 C = Inter-level travel time spent in this place.
 D = Time resting spent in this place.
 E = Time spent auto-exploring this place.
 F = Levels seen in this place.
 G = Mean time per level.
                   A        B        C        D        E       F      G
               +--------+--------+--------+--------+--------+-----+--------+
         Total |   3884 |   3823 |     61 |   2096 |   1207 |   4 |  971.0 |
       Dungeon |   3884 |   3823 |     61 |   2096 |   1207 |   4 |  971.0 |
               +--------+--------+--------+--------+--------+-----+--------+

Top non-repeatable levels by time:
     D:1: 1914 daAuts
     D:2: 1056 daAuts
     D:3: 888 daAuts
     D:5: 25 daAuts
